 Dungeon Crawl Stone Soup version 0.31.0-11-ge490571c62 (webtiles) character file.

Game seed: 3043710518161009977

988 jagang the Slasher (level 8, -1/65 HPs)
             Began as a Human Monk on Jan 30, 2024.
             Slain by a water moccasin (2 damage)
             ... on level 5 of the Dungeon on Jan 31, 2024.
             The game lasted 00:11:21 (4660 turns).

jagang the Slasher (Human Monk)                     Turns: 4660, Time: 00:11:21

Health: -1/65      AC: 10    Str: 11    XL:     8   Next: 18%
Magic:  9/9        EV:  7    Int: 11    God:
Gold:   229        SH:  5    Dex: 18    Spells: 7/7 levels left

rFire   . . .        m - +0 long sword
rCold   . . .        d - orb {light}
rNeg    . . .        y - +0 chain mail
rPois   .            q - +0 helmet
rElec   .            (no cloak)
rCorr   .            (no gloves)
SInv    .            (no boots)
Will    +....        k - amulet of reflection Stlth
                     (no ring)
HPRegen 0.30/turn    (no ring)
MPRegen 0.11/turn

%: reflection
@: mighty, lethally poisoned (-1 -> -4), glowing, invisible (but backlit and
visible)
A: explore regen, strong-willed 1, MP-powered wands
a: no special abilities


You were on level 5 of the Dungeon.
You visited 1 branch of the dungeon, and saw 5 of its levels.

You collected 302 gold pieces.
You spent 73 gold pieces at shops.

Inventory:

Hand Weapons
 b - a +1 falchion of venom
 m - a +0 long sword (weapon)
 o - a +3 dagger of protection
Missiles
 E - 3 javelins
Armour
 d - an orb of light (worn)
 q - a +0 helmet (worn)
 y - a +0 chain mail (worn)
 F - a +0 buckler
Jewellery
 a - a +6 ring of intelligence
 k - an amulet of reflection (around neck)
 n - a ring of magical power
 p - an amulet of magic regeneration
 t - a ring of magical power
Wands
 z - a wand of mindburst (4) (quivered)
Scrolls
 e - a scroll of poison
 f - a scroll of immolation
 g - a scroll of fog {unknown}
 h - 2 scrolls of vulnerability {unknown}
 l - a scroll of summoning
 r - 2 scrolls of noise {unknown}
 u - 2 scrolls of fear {unknown}
 C - a scroll of revelation {unknown}
 D - a scroll of amnesia {unknown}
Potions
 c - a potion of ambrosia
 j - 2 potions of mutation
 s - a potion of curing {unknown}
 v - a potion of heal wounds {unknown}
 w - a potion of cancellation {unknown}
 x - a potion of invisibility
 A - a potion of brilliance {unknown}
 B - a potion of lignification {unknown}


   Skills:
 * Level 6.3 Fighting
 * Level 6.3 Long Blades
 + Level 3.6 Armour
 - Level 3.0 Dodging
 + Level 0.8 Shields
 + Level 1.8 Invocations


You had 7 spell levels left.
You didn't know any spells.
Your spell library was empty.

Dungeon Overview and Level Annotations

Branches:
Dungeon (5/15)
 Temple: D:4-7

Altars:
Vehumet

Shops:
D:1 *


Innate Abilities, Weirdness & Mutations

You regain HP and MP as you explore.
You are strong-willed. (Will+)
You expend magic power (3 MP) to strengthen your wands.


Message History

You feel very sick.
The water moccasin bites you but does no damage.
You slash the water moccasin!
The water moccasin is severely wounded.
You feel very sick. The water moccasin bites you.
You closely miss the water moccasin.
The water moccasin is severely wounded.
You feel very sick.
The water moccasin bites you but does no damage. x2
You hit the water moccasin.
The water moccasin is severely wounded.
You feel very sick.
The water moccasin bites you but does no damage.
You hit the water moccasin.
The water moccasin is almost dead.
You feel very sick.
The water moccasin bites you but does no damage. x2
You hit the water moccasin.
The water moccasin is almost dead.
You feel sick. The water moccasin bites you!
* * * LOW HITPOINT WARNING * * *
Unknown command.
It was a potion of mutation.
You feel extremely strange.
You feel strong-willed.
You feel your magical essence link to the dungeon's wands.
* * * LOW HITPOINT WARNING * * *
You feel sick.
The water moccasin bites you but does no damage.
The water moccasin barely misses you.
It was a potion of invisibility.
You become transparent, but the glow from your halo prevents you from becoming completely invisible.
* * * LOW HITPOINT WARNING * * *
You feel sick.
The water moccasin bites you but does no damage.
It was a potion of might.
You feel very mighty all of a sudden.
* * * LOW HITPOINT WARNING * * *
You feel sick. The water moccasin bites you.
You die...

####. ' .# #...# .#
#...# .# #...# .# ####
#...# ## .###+#.#
#...# #...# #..
.......#
.....##...##...
.......#
......#S).#....
.......#
.?....'@..'....
####.#.#
...?..#...#.... .# #
..... #...# . ## .#
#... #...# .# .# #####
#...# ##### #### .# .#
##...###...###...##
#... .###.#
##.....##...##.....##
#g## .##..#
#.......#)..#.......#
#.# .....#
#......รท))..'.......#
#.#


You could see a water moccasin.

Vanquished Creatures
  2 ogres (D:5)
  A centaur (D:5)
  A gnoll sergeant (D:5)
  3 hounds (D:5)
  A bombardier beetle (D:4)
  2 orc priests (D:4)
  2 gnoll boudas (D:5)
  A sleepcap (D:5)
  Jessica (D:2)
  3 orc wizards
  4 adders
  6 gnolls (D:5)
  A shadow imp (D:5)
  3 dart slugs
  A ribbon worm (D:2)
  9 orcs
  7 endoplasms
  5 giant cockroaches
  4 goblins
  9 hobgoblins
  2 jackals (D:3)
  8 kobolds
  4 quokkas
  9 ball pythons
  4 bats
  A frilled lizard (D:3)
  5 rats
99 creatures vanquished.

Vanquished Creatures (collateral kills)
  A scorpion (D:5)
  A sleepcap (D:5)
  4 gnolls (D:5)
6 creatures vanquished.

Grand Total: 105 creatures vanquished

Notes
Turn   | Place    | Note
-------+----------+-------------------------------------------
     0 | D:1      | jagang the Human Monk began the quest for the Orb.
     0 | D:1      | Reached XP level 1. HP: 18/18 MP: 1/1
    53 | D:1      | Found a faded altar of an unknown god.
   338 | D:1      | Reached XP level 2. HP: 24/24 MP: 2/2
   664 | D:1      | Found Wiysim's Assorted Antiques.
   673 | D:1      | Bought a long sword for 73 gold pieces
  1605 | D:2      | Reached XP level 3. HP: 28/29 MP: 3/3
  1632 | D:2      | Reached skill level 1 in Armour
  1641 | D:2      | Noticed Jessica
  1649 | D:2      | Killed Jessica
  1710 | D:2      | Reached XP level 4. HP: 33/37 MP: 4/4
  2845 | D:4      | Reached XP level 5. HP: 31/42 MP: 5/5
  2970 | D:4      | Found a radiant altar of Vehumet.
  3153 | D:4      | Reached XP level 6. HP: 21/49 MP: 6/6
  3586 | D:5      | Entered Level 5 of the Dungeon
  3657 | D:5      | Reached skill level 5 in Long Blades
  3671 | D:5      | Reached skill level 5 in Fighting
  4064 | D:5      | Reached XP level 7. HP: 40/56 MP: 7/7
  4239 | D:5      | Reached skill level 1 in Invocations
  4418 | D:5      | Reached XP level 8. HP: 60/64 MP: 9/9
  4658 | D:5      | Gained mutation: You are strong-willed. (Will+) [potion of
                  | mutation]
  4658 | D:5      | Gained mutation: You expend magic power (3 MP) to
                  | strengthen your wands. [potion of mutation]
  4658 | D:5      | HP: 3/65 [poisoned by a water moccasin]
  4659 | D:5      | HP: 1/65 [poisoned by a water moccasin]
  4660 | D:5      | Slain by a water moccasin

Illustrated notes

Levels and vault maps discovered:
D:1:      dpeg_arrival_simpleton_c, layout_loops_corners, serial_shops,
          nicolae_lakefront_shop, serial_forest, infiniplex_forest_straight_1,
          infiniplex_forest_zigzag_1, infiniplex_forest_lined_corner,
          infiniplex_forest_end_double, infiniplex_forest_lined_2,
          infiniplex_forest_straight_2, infiniplex_forest_end_3,
          ebering_ecumenical_altar_petrified
D:2:      layout_basic, minmay_tetromino_o2, uniq_jessica
D:3:      layout_basic, hangedman_decor_peaks_small, kennysheep_generic_room_12
D:4:      layout_cave_pools, mainiacjoe_overflow_surrounded_room,
          serial_column_ruins, column_ruins_hut, column_ruins_corridor_straight,
          column_ruins_open_medium, column_ruins_columns_plus,
          column_ruins_columns_straight, column_ruins_grid_2,
          guppyfry_early_orc_mine
D:5:      kennysheep_six_static_rooms, layout_basic, nicolae_grassy_gnolls

Skill      XL: |  1  2  3  4  5  6  7 |
---------------+----------------------+-----
Armour         | 1 2 3 |  3.6
Long Blades    | 4 5 6 |  6.3
Fighting       | 4 5 6 |  6.3
Invocations    | 1 |  1.8
Dodging        | |  3.0
Shields        | |  0.8

Action                     |  1- 3 |  4- 6 |  7- 9 || total
---------------------------+-------+-------+-------++-------
  Melee: Falchion          |    30 |       |       ||    30
         Long sword        |   117 |   173 |    87 ||   377
  Evoke: Wand              |       |       |     3 ||     3
    Use: Scroll            |       |     4 |     1 ||     5
         Potion            |       |       |     3 ||     3
 Armour: Robe              |    24 |     7 |       ||    31
         Scale mail        |       |    64 |       ||    64
         Chain mail        |       |    47 |    99 ||   146
  Dodge: Dodged            |    30 |    73 |    28 ||   131
